Map: Dusk Towers

Players

McRiggins - Winner!

  • Race: Zerg Zerg
  • League: Master

Miszu

  • Race: Terran Terran
  • League: Master

VOD

Have the link to the VOD?

Description

Time

  • Played on: March 10, 2016, 6:11 p.m.
  • Length: 5:27
Show
View Real Time Build Order
Export as new Build Order

McRiggins Zerg - Winner!

Build Orders: Hatch First 

Get SALT Encoding   

  12  0:01  Drone  
  13  0:12  Overlord  
  13  0:18  Drone  
  14  0:30  Drone x2  
  16  0:36  Drone  
  17  0:52  Hatchery  
  17  0:55  Drone  
  17  0:58  Drone  
  18  1:09  Extractor  
  17  1:13  Spawning Pool  
  17  1:15  Drone  
  17  1:19  Drone  
  18  1:29  Drone  
  19  1:39  Overlord  
  19  2:00  Zergling x2  
  19  2:01  Zergling x2  
  21  2:02  Queen  
  21  2:05  Queen  
  21  2:06  Drone  
  26  2:10  Metabolic Boost  
  26  2:14  Drone  
  27  2:18  Drone  
  28  2:25  Drone  
  29  2:36  Drone  
  31  2:37  Overlord, Drone  
  31  2:44  Spore Crawler  
  31  2:51  Overlord  
  31  2:52  Overlord  
  31  3:06  Roach Warren, Drone x3  
  31  3:12  Drone x2  
  35  3:13  Drone x2  
  35  3:18  Overlord  
  37  3:30  Extractor  
  36  3:48  Roach x9  
  52  3:54  Roach x2  
  58  3:58  Overlord  
  59  4:17  Baneling Nest, Roach x2  
  59  4:20  Overlord x2  
  60  4:25  Zergling x2  
  61  4:32  Zergling x10  
  61  4:33  Zergling x2  
  67  4:39  Zergling x2  
  67  5:00  Zergling x2  
  67  5:01  Zergling x12  
Show
View Real Time Build Order
Export as new Build Order

Miszu Terran 

Build Orders: Hellion Opening, Reaper Expand 

Get SALT Encoding   

  12  0:00  SCV  
  13  0:12  SCV  
  14  0:17  Supply Depot  
  14  0:26  SCV  
  15  0:38  SCV  
  15  0:40  Barracks  
  16  0:45  Refinery  
  16  0:51  SCV  
  17  1:03  SCV  
  18  1:15  SCV  
  19  1:29  Orbital Command  
  19  1:30  Reaper  
  20  1:40  Command Center  
  20  1:49  Supply Depot  
  20  1:55  SCV  
  21  2:02  Marine  
  22  2:09  SCV  
  22  2:11  Factory  
  23  2:18  Refinery  
  23  2:21  SCV  
  24  2:23  Barracks Reactor  
  24  2:35  SCV  
  25  2:47  SCV  
  26  2:59  SCV  
  27  3:06  Factory  
  27  3:09  Orbital Command  
  27  3:12  Hellion x2  
  31  3:13  SCV  
  31  3:14  Barracks Reactor  
  32  3:25  SCV  
  33  3:33  Hellion, Armory  
  33  3:34  Hellion  
  37  3:36  SCV  
  37  3:37  SCV  
  39  3:48  SCV  
  39  3:49  SCV  
  41  3:57  Supply Depot, Barracks Tech Lab  
  41  3:58  Hellion x2  
  41  4:00  SCV  
  41  4:02  Barracks Tech Lab  
  46  4:03  SCV  
  46  4:16  Hellion x2, SCV x2  
  52  4:19  Hellion x2  
  52  4:22  Marine  
  57  4:26  Supply Depot  
  57  4:28  SCV x2  
  59  4:40  SCV  
  59  4:41  Command Center  
  59  4:45  SCV  
  61  4:47  Factory Reactor  
  61  4:50  Factory Reactor  
  61  4:52  SCV  
  62  4:55  Barracks  
  62  4:58  Marine, Factory Tech Lab  
  57  5:01  Bunker  
  57  5:05  SCV  
  55  5:20  Supply Depot  
Tags
 
Add a new tag
Caveats
  • Supply blocks, unpowered buildings, or Contaminate may cause inaccurate times.
  • Supply counts are checked every 10 seconds.